 Dungeon Crawl Stone Soup version 0.25-a0-611-g6918904 (webtiles) character file.

Game seed: 7759581570127281176, levelgen mode: deterministic

39 Trolling the Shield-Bearer (level 3, -1/36 HPs)
             Began as a Troll Fighter on Mar 15, 2020.
             Succumbed to a kobold's poison
             ... on level 2 of the Dungeon on Mar 16, 2020.
             The game lasted 00:03:00 (820 turns).

Trolling the Shield-Bearer (Troll Fighter)           Turns: 820, Time: 00:03:00

Health: -1/36      AC:  6    Str: 25    XL:     3   Next: 26%
Magic:  2/2        EV:  8    Int:  4    God:
Gold:   74         SH: 12    Dex:  9    Spells: 2/2 levels left

rFire    . . .     SeeInvis .     - Unarmed
rCold    . . .     Gourm    +   b - +0 kite shield
rNeg     . . .     Faith    .   a - +0 robe
rPois    .         Spirit   .   (helmet restricted)
rElec    .         Reflect  +   (no cloak)
rCorr    .         Harm     .   (gloves unavailable)
MR       .....                  (boots unavailable)
Stlth    +.........             f - +3 amulet of reflection
HPRegen  0.52/turn              (no ring)
MPRegen  0.08/turn              (no ring)

@: lethally poisoned (-1 -> -17), hasted, very quick
A: large, unfitting armour, claws 3, fast metabolism 3, gourmand, regeneration
1, shaggy fur 1, tough skin 3
a: no special abilities


You were on level 2 of the Dungeon.
You were very full.

You visited 1 branch of the dungeon, and saw 2 of its levels.

You collected 74 gold pieces.

Inventory:

Missiles
 i - 18 poisoned darts (quivered)
Armour
 a - a +0 robe (worn)
 b - a +0 kite shield (worn)
Jewellery
 f - a +3 amulet of reflection (around neck)
Scrolls
 e - a scroll of identify {unknown}
 g - 2 scrolls of remove curse {unknown}
 h - a scroll of magic mapping {unknown}
Potions
 c - a potion of might
Comestibles
 d - 2 rations


   Skills:
 + Level 2.6 Fighting
 + Level 2.6 Dodging
 + Level 3.1 Shields
 + Level 2.1 Unarmed Combat


You had 2 spell levels left.
You didn't know any spells.
Your spell library was empty.

Dungeon Overview and Level Annotations

Branches:
Dungeon (2/15)

Altars:


Innate Abilities, Weirdness & Mutations

You are too large for most types of armour.
You have claws for hands.
Your metabolism is lightning-fast.
You like to eat raw meat.
Your natural rate of healing is unusually fast.
You are covered in fur. (AC +1)
You have extremely tough skin. (AC +3)


Message History

The kobold hits you with a +2 whip of venom.
* * * LOW HITPOINT WARNING * * *
You are more poisoned.
You block the adder's attack.
Welcome back, Trolling the Troll Fighter.
Press ? for a list of commands and other information.
You claw the adder!
You kill the adder!
* * * LOW HITPOINT WARNING * * *
You feel sick. The kobold barely misses you.
You barely miss the kobold.
* * * LOW HITPOINT WARNING * * *
You feel very sick. The kobold closely misses you.
It was a potion of cancellation.
You feel magically purged.
* * * LOW HITPOINT WARNING * * *
You feel sick. The kobold barely misses you.
You block the ball python's attack.
It was a potion of haste.
You feel yourself speed up.
You die...

.................#
#........###.#...# ..#
####.....# .....####...
##.....#.#. .#...#....#
##.#<#[#.#. .#........
##.#.#.#.#.#........# .
##.#.#.#.#.####.....#..<
##'###.#.#....##........
..............'.@S#.
....##.#.##...'#.K......
....##.#..........#.####
....##............# #
....##.###..........#
....#### #..........#
....# #######.#..# .....
#+#.... .#.


You could see a ball python and a kobold.

Vanquished Creatures
  2 adders (D:2)
  A worm (D:2)
  3 bats (D:1)
  2 giant cockroaches (D:1)
  4 goblins (D:1)
  A hobgoblin (D:1)
  A kobold (D:1)
  A frilled lizard (D:2)
  4 rats (D:1)
19 creatures vanquished.

Notes
Turn   | Place    | Note
-------+----------+-------------------------------------------
     0 | D:1      | Trolling the Troll Fighter began the quest for the Orb.
     0 | D:1      | Reached XP level 1. HP: 22/22 MP: 0/0
   178 | D:1      | Reached XP level 2. HP: 28/29 MP: 1/1
   714 | D:2      | Reached skill level 3 in Shields
   714 | D:2      | Reached XP level 3. HP: 17/36 MP: 2/2
   817 | D:2      | Upgraded the game from 0.25-a0-603-g0321be9 to
                  | 0.25-a0-611-g6918904
   820 | D:2      | Succumbed to a kobold's poison

Levels and vault maps discovered:
D:1:      minmay_arrival_doors, layout_basic
D:2:      layout_basic, nicolae_dithmenos_through_a_glass_darkly,
          old_standard_altar, tso_metal_star

Skill      XL: |  1  2 |
---------------+-------+-----
Shields        | 3 |  3.1
Fighting       | |  2.6
Dodging        | |  2.6
Unarmed Combat | |  2.1

Action                   || total
-------------------------++-------
Melee: Unarmed           ||    81
  Use: Potion            ||     2
  Eat: Chunk             ||    11
Armor: Robe              ||    23
Dodge: Dodged            ||    28
Block: Kite shield       ||    61

Table legend:
 A = Non-vault XP
 B = Vault XP
 C = Vault XP percentage of total XP
 D = Non-vault monster count
 E = Vault monster count
 F = Vault count percentage of total count
                 A         B        C        D         E       F
            +---------+---------+-------+---------+---------+-------
      Total |      56 |       0 |   0.0 |      19 |       0 |   0.0
            +---------+---------+-------+---------+---------+-------
        D:1 |      23 |       0 |   0.0 |      15 |       0 |   0.0
        D:2 |      33 |       0 |   0.0 |       4 |       0 |   0.0
            +---------+---------+-------+---------+---------+-------
